 Dungeon Crawl Stone Soup version 0.20-a0-903-g7e3609c (webtiles) character file.

126 Dfrag the Firebug (level 4, -3/30 HPs)
             Began as a Demonspawn Fire Elementalist on Mar 22, 2017.
             Slain by an orc priest
             ... wielding a +2 hand axe of electrocution
              (7 damage)
             ... on level 3 of the Dungeon.
             The game lasted 00:02:17 (2440 turns).

Dfrag the Firebug (Demonspawn Fire Elementalist)    Turns: 2440, Time: 00:02:18

Health: -3/30      AC:  2    Str:  8    XL:     4   Next: 84%
Magic:  1/8        EV: 12    Int: 17    God:
Gold:   51         SH:  0    Dex: 14    Spells: 8/9 levels left

rFire    . . .     SeeInvis .   d - -2 short sword (curse)
rCold    . . .     Gourm    .   a - +0 robe
rNeg     . . .     Faith    .   (no shield)
rPois    .         Spirit   .   (no helmet)
rElec    .         Reflect  .   (no cloak)
rCorr    .         Harm     .   (no gloves)
MR       .....                  (no boots)
Stlth    ++........             (no amulet)
Regen    0.1/turn               (no ring)
MPRegen  0.2/turn               (no ring)

@: no status effects
A: hooves 1, powered by pain 1
a: no special abilities


You were on level 3 of the Dungeon.
You were very hungry.

You visited 1 branch of the dungeon, and saw 3 of its levels.

You collected 51 gold pieces.

Inventory:

Hand Weapons
 d - a cursed -2 short sword (weapon)
Armour
 a - a +0 robe (worn)
Scrolls
 g - 4 scrolls of identify {unknown}
 h - a scroll of noise {unknown}
 j - a scroll of remove curse {unknown}
 k - a scroll of magic mapping {unknown}
Potions
 e - 3 potions of curing {unknown}
 f - a potion of lignification {unknown}
 i - a potion of mutation {unknown}
 l - a potion of might {unknown}
Books
 b - a book of Flames

   Spells                             Type                      Level
   a - Flame Tongue                   Conjuration/Fire             1
   b - Throw Flame                    Conjuration/Fire             2
   c - Conjure Flame                  Conjuration/Fire             3
   d - Inner Flame                    Hexes/Fire                   3
   e - Sticky Flame                   Conjuration/Fire             4
   f - Fireball                       Conjuration/Fire             5
Comestibles
 c - 2 bread rations


   Skills:
 - Level 1.7 Dodging
 - Level 1.7 Stealth
 + Level 3.0 Spellcasting
 + Level 2.7 Conjurations
 + Level 3.7 Fire Magic


You had 8 spell levels left.
You knew the following spells:

 Your Spells              Type           Power        Failure   Level  Hunger
a - Flame Tongue          Conj/Fire      ##...        4%          1    None


Dungeon Overview and Level Annotations

Branches:
Dungeon (3/15)

Altars:


Innate Abilities, Weirdness & Mutations

You have large cloven feet.
You sometimes gain a little power by taking damage.


Message History

Confirm with . or Enter, or press ? or * to list all spells.
You don't have enough magic to cast that spell.
Unknown command.
Casting: Flame Tongue
Confirm with . or Enter, or press ? or * to list all spells.
You don't have enough magic to cast that spell.
Unknown command.
You hit the orc priest.
The orc priest is moderately wounded.
The orc priest hits you with a hand axe of electrocution.
You are electrocuted!
* * * LOW HITPOINT WARNING * * *
You closely miss the orc priest.
The orc priest is moderately wounded.
The orc priest hits you with a hand axe of electrocution.
* * * LOW HITPOINT WARNING * * *
You barely miss the orc priest.
The orc priest is moderately wounded.
The orc priest hits you with a hand axe of electrocution!
You die...

####### #.....#
#.....# #.....######
#..........##########
#.....####..o@.......
#....%.# ############
#...†o..# #.....#.#
####.o#... ##..##..
#.. #.# ... ... ....
..


You could see an orc priest.

Vanquished Creatures
  An orc priest (D:3)
  Natasha (twice) (D:2)
  An adder (D:2)
  2 leopard geckos
  2 orcs (D:3)
  2 giant cockroaches (D:1)
  6 goblins
  4 hobgoblins
  3 bats
  3 frilled lizards
  8 kobolds
  4 rats
38 creatures vanquished.

Notes
Turn   | Place    | Note
-------+----------+-------------------------------------------
     0 | D:1      | Dfrag the Demonspawn Fire Elementalist began the quest for the Orb.
     0 | D:1      | Reached XP level 1. HP: 13/13 MP: 3/3
   222 | D:1      | Gained mutation: You sometimes gain a little power by taking damage. [demonic ancestry]
   222 | D:1      | Reached XP level 2. HP: 5/19 MP: 0/5
  1320 | D:2      | Gained mutation: You have large cloven feet. [demonic ancestry]
  1320 | D:2      | Reached XP level 3. HP: 12/24 MP: 2/6
  1863 | D:2      | Noticed Natasha
  1866 | D:2      | Killed Natasha
  1931 | D:2      | Noticed Natasha
  1941 | D:2      | Killed Natasha
  1941 | D:2      | Reached XP level 4. HP: 11/30 MP: 0/8
  2440 | D:3      | Slain by an orc priest

Vault maps used:
D:1:      sevenhm_arrival_forest_fort_small_3, st_stairs_10,
          serial_bayou_crossing
D:2:      uniq_natasha
D:3:      uniq_terence, uniq_sigmund

Skill      XL: |  1  2  3  4 |
---------------+-------------+-----
Fire Magic     | 3 |  3.7
Conjurations   | 2 |  2.7
Spellcasting   | 3 |  3.0
Dodging        | |  1.7
Stealth        | |  1.7

Action                   |  1- 3 |  4- 6 || total
-------------------------+-------+-------++-------
Melee: Unarmed           |    11 |       ||    11
       Short sword       |    17 |     3 ||    20
 Cast: Flame Tongue      |    56 |    20 ||    76
  Eat: Chunk             |     3 |     1 ||     4
Armor: Robe              |    11 |     1 ||    12
Dodge: Dodged            |    28 |     5 ||    33
